nht, chaotic female elven Wizard --------- --------- |....$..| #### #+.^.....| |.......+ -----------` #`#|........# |.{>....| |.......<.|######-.......|# --------- ........T..#### ------.--## |.........|##### ##%### --------|-- # # # # # # -.-- ....| ....| ....| ##-.--.--- ....| #....\..| ...-#####|......| ..| #...(...| -------- nht the Thaumaturge Experience level: 7 Strength: 7 Dexterity: 12 Constitution: 13 Intelligence: 18 Wisdom: 17 Charisma: 11 Health: 0(49) Energy: 121(121) Def: 7 Gold: 37 Moves: 3200 Dungeon seed: hDQd9HkRzIeX_5i2 Game ID: nht_1464847725 Your Inventory: Coins $ - 37 gold pieces Weapons a - a blessed +1 quarterstaff e - a +0 dwarvish mattock Armor l - a blessed +2 pair of leather gloves (being worn) q - an uncursed +0 mummy wrapping y - a cursed -1 pair of levitation boots A - a blessed +0 pair of elven boots (being worn) S - an uncursed +0 cloak of magic resistance (being worn) T - an uncursed thoroughly rusty -2 helm of opposite alignment Comestibles c - an uncursed chickatrice corpse (weapon in hand) m - an uncursed lizard corpse o - 2 uncursed lembas wafers x - an uncursed eucalyptus leaf F - 2 uncursed carrots W - 2 uncursed slime molds Rings C - an uncursed ring of teleportation (on right hand) I - an uncursed ring of teleport control (on left hand) Q - an uncursed ring of stealth Wands d - a wand of nothing (0:6) j - a wand of enlightenment (0:12) r - a wand of striking (0:4) u - a wand of make invisible (0:1) H - a wand of cold (0:4) X - a wand of undead turning (0:7) Tools b - an uncursed sack f - an uncursed wooden flute t - an uncursed blindfold v - an uncursed skeleton key G - a magic marker (0:38) V - an uncursed magic whistle Gems n - an uncursed garnet stone z - a blessed touchstone Contents of the sack: 4 uncursed scrolls of blank paper 2 cursed scrolls of blank paper a blessed scroll of earth an uncursed scroll of genocide an uncursed scroll of scare monster 2 cursed scrolls of teleportation an uncursed scroll of water a blessed spellbook of blank paper a potion of holy water an uncursed potion of water Spells and supernatural/magical abilities: Name Level Category Fail Memory a - force bolt 1 attack 0% 85% m - magic missile 2 attack 0% 92% n - detect monsters 1 divination 0% 85% W - pray for help -- divine ? -- Your skills at the end: Miscellaneous Skills wands [Basic] Weapon Skills quarterstaff [Basic] Spellcasting Skills attack spells [Skilled] enchantment spells [Basic] Final Attributes: You were piously aligned. You were sleep resistant. You were magic-protected. You were telepathic. You had infravision. You were invisible. You were stealthy. You could teleport. You had teleport control. You were protected. You are dead. Vanquished creatures: a winter wolf cub a lizard a black light 2 gnome kings a yeti a gold golem 3 chickatrices a water nymph an Uruk-hai 7 gnome lords a kobold mummy a guardian naga hatchling a floating eye 8 dwarves 3 iguanas 4 rothes a rabid rat a giant bat 3 coyotes 4 hobbits 2 acid blobs a large kobold 3 geckos 3 giant rats a yellow mold a red mold 23 gnomes 3 jackals a kobold 4 newts 2 goblins a grid bug 2 lichens 93 creatures vanquished. Voluntary challenges: You used a wielded weapon 32 times, starting on turn 111. You did not apply a unicorn horn. You read items or engraved 28 times, starting on turn 212. You never genocided any monsters. You never polymorphed an object. You never changed form. You used no wishes. You never split a pudding. You wrote Elbereth's name 15 times, starting on turn 212. You never violated your personal moral code. You disabled loading bones files. Dungeon overview: The Dungeons of Doom: levels 1 to 18 Level 1 a fountain a long staircase Level 2 (potions) a potion shop, a fountain Level 3 an armor shop Level 4 stairs to The Gnomish Mines Level 5 Level 6 Level 7 Level 8 some fountains stairs to Sokoban Level 9 a fountain Level 10 a general store, a fountain Level 11 Level 12 a sink Level 13 a sink Level 14 (quest) Level 15 (whitecorn) Level 16 (dragons) Level 17 (throne) <- You were here a fountain, a throne Level 18 The Gnomish Mines: levels 5 to 9 Level 5 stairs to The Dungeons of Doom Level 6 Level 7 Level 8 many shops, a temple to Ptah, a magic chest, some fountains Level 9 Sokoban: Level 7 a magic chest stairs to The Dungeons of Doom History has recorded: On T:1 you entered the Dungeons of Doom to retrieve the Amulet of Yendor! On T:202 you reached level 2 of The Dungeons of Doom. On T:330 you advanced to experience level 2. On T:387 you reached level 3 of The Dungeons of Doom. On T:633 you advanced to experience level 3. On T:692 you reached level 4 of The Dungeons of Doom. On T:725 you reached level 1 of The Gnomish Mines. On T:793 you advanced to experience level 4. On T:846 you advanced to experience level 5. On T:859 you reached level 2 of The Gnomish Mines. On T:1025 you reached level 3 of The Gnomish Mines. On T:1087 you advanced to experience level 6. On T:1493 you reached level 4 of The Gnomish Mines. On T:1515 you opened a magic chest. On T:1516 you opened a magic chest. On T:1518 you opened a magic chest. On T:1520 you opened a magic chest. On T:1523 you opened a magic chest. On T:1539 you entered the Minetown temple On T:1707 you opened a magic chest. On T:1709 you opened a magic chest. On T:1725 you opened a magic chest. On T:1726 you opened a magic chest. On T:1853 you opened a magic chest. On T:2000 you reached level 5 of The Gnomish Mines. On T:2120 you reached level 5 of The Dungeons of Doom. On T:2157 you reached level 6 of The Dungeons of Doom. On T:2218 you reached level 7 of The Dungeons of Doom. On T:2346 you advanced to experience level 7. On T:2376 you reached level 8 of The Dungeons of Doom. On T:2485 you reached level 4 of Sokoban. On T:2660 you reached level 9 of The Dungeons of Doom. On T:2686 you reached level 10 of The Dungeons of Doom. On T:2816 you reached level 11 of The Dungeons of Doom. On T:2889 you reached level 12 of The Dungeons of Doom. On T:2918 you reached level 13 of The Dungeons of Doom. On T:2943 you reached level 14 of The Dungeons of Doom. On T:2975 you reached level 15 of The Dungeons of Doom. On T:3003 you reached level 16 of The Dungeons of Doom. On T:3038 you reached level 17 of The Dungeons of Doom. On T:3051 you reached level 18 of The Dungeons of Doom. Score breakdown: Gold: 37 ( 3 points) Experience: 7 levels ( 600 points) Exploration: 18 levels ( 510 points) Discoveries: 35 items ( 1750 points) Variety of kills: 33 monsters ( 1650 points) Major goal: reached Minetown ( 500 points) Survival: died (score multiplied by 3) Total score: 15039 Latest messages: The white unicorn turns to flee! Something is hit. Something is destroyed! You stop digging. You sold an uncursed obsidian stone for 100 gold pieces. You drop a dilithium crystal. You sold a dilithium crystal for 2250 gold pieces. You sold 2 uncursed sapphires for 3000 gold pieces. You drop an uncursed worthless piece of yellowish brown glass. Budereyri seems uninterested. j - an uncursed wand of enlightenment. b - an uncursed bag called !holding. g - 7 blessed candles. J - 11 uncursed candles. i - a cursed partly used candle (lit). v - an uncursed key. G - an uncursed magic marker. o - an uncursed tin whistle. y - an uncursed black gem. Y - an uncursed black gem. q - 2 uncursed blue gems. N - 3 uncursed green gems. The door opens. The troll claws you! (2x) You die... Final status: Goodbye nht the Wizard, killed by a troll... You died in The Dungeons of Doom on dungeon level 17 with 15039 points, and 37 pieces of gold, after 3200 moves. You were level 7 with a maximum of 49 hit points when you died.